 Dungeon Crawl Stone Soup version 0.27.1-33-g824d729ab1 (webtiles) character file.

Game seed: 10270464817090290703

52 Thatpatchoflichen the Shooter (level 3, 0/21 HPs)
             Began as a Deep Elf Hunter on Nov 25, 2021.
             Succumbed to an adder's poison
             ... on level 3 of the Dungeon.
             The game lasted 00:05:43 (1987 turns).

Thatpatchoflichen the Shooter (Deep Elf Hunter)     Turns: 1987, Time: 00:05:44

Health: 0/21       AC:  3    Str:  9    XL:     3   Next: 60%
Magic:  5/5        EV: 12    Int: 15    God:
Gold:   46         SH:  0    Dex: 16    Spells: 2/2 levels left

rFire    . . .     SeeInvis .   a - +1 shortbow
rCold    . . .     Faith    .   (shield currently unavailable)
rNeg     . . .     Spirit   .   c - +0 leather armour
rPois    .         Reflect  .   (no helmet)
rElec    .         Harm     .   (no cloak)
rCorr    .         Rampage  .   (no gloves)
Will     .....                  (no boots)
Stlth    ++........             (no amulet)
HPRegen  0.07/turn              (no ring)
MPRegen  0.09/turn              (no ring)

@: lethally poisoned (0 -> -1)
A: no striking features
a: no special abilities


You were on level 3 of the Dungeon.
You visited 1 branch of the dungeon, and saw 4 of its levels.

You collected 46 gold pieces.

Inventory:

Hand Weapons
 a - a +1 shortbow (weapon)
 g - a +0 rapier
Missiles
 d - 15 arrows (quivered ammo)
Armour
 c - a +0 leather armour (worn)
Scrolls
 e - a scroll of teleportation {unknown}
 f - 2 scrolls of noise {unknown}
 h - 2 scrolls of enchant weapon {unknown}
 i - a scroll of identify {unknown}
Potions
 b - a potion of berserk rage {unknown}


   Skills:
 + Level 2.2 Fighting
 + Level 5.9 Bows
 + Level 3.3 Dodging
 - Level 2.0 Stealth


You had 2 spell levels left.
You didn't know any spells.
Your spell library was empty.

Dungeon Overview and Level Annotations

Branches:
Dungeon (4/15)
 Temple: D:4-7

Altars:
Makhleb

Shops:
D:1 =


Message History

d - 16 arrows (gained 2)
Found 15 gold pieces.
h - 2 scrolls labelled BAHIRA DIM DIY (gained 1)
You fall into a shaft and drop 2 floors!
The shaft crumbles and collapses.
An adder and an orc wizard come into view.
Found 4 gold pieces.
The adder hisses angrily.
Found 5 gold pieces.
Found an escape hatch in the ceiling.
There is an escape hatch in the ceiling here.
The adder bites you. The adder barely misses you.
A mysterious force pulls you upwards. The hatch slams shut behind you.
Found a scroll labelled OFAMIS VAASCH.
Fire: 16 arrows
Press: ? - help, Q - select action Shift-Dir - straight line, f - adder
Aim: an adder (48% to hit)
You shoot an arrow. The arrow barely misses the adder.
The orc shouts!
The adder barely misses you. The adder bites you.
You are poisoned.
The adder poisons you!
Found a stone staircase leading down.
You feel sick. The orc hits you with a +0 flail.
You feel sick.
You feel sick. The adder closely misses you.
You feel sick. The adder bites you.
* * * LOW HITPOINT WARNING * * *
You are lethally poisoned!
The adder poisons you!
* * * LOW HITPOINT WARNING * * *
You feel sick.
* * * LOW HITPOINT WARNING * * *
You feel sick.
* * * LOW HITPOINT WARNING * * *
You feel sick.
* * * LOW HITPOINT WARNING * * *
You feel sick. The adder misses you.
You die...

# # ##########.###
#####.#....oS.@....#
........########.....#
...?............(..#.#
#####.########### .#
#. # #. #


You could see an adder and an orc.

Vanquished Creatures
  2 adders (D:2)
  A worm (D:2)
  A dart slug (D:2)
  3 endoplasms (D:1)
  A giant cockroach (D:1)
  2 goblins
  5 hobgoblins
  4 kobolds
  A quokka (D:1)
  A ball python (D:2)
  2 bats
  2 frilled lizards (D:1)
  A rat (D:2)
26 creatures vanquished.

Notes
Turn   | Place    | Note
-------+----------+-------------------------------------------
     0 | D:1      | Thatpatchoflichen the Deep Elf Hunter began the quest for
                  | the Orb.
     0 | D:1      | Reached XP level 1. HP: 12/12 MP: 3/3
   238 | D:1      | Reached XP level 2. HP: 9/17 MP: 4/4
   465 | D:1      | Found Lusa's Jewellery Emporium.
  1270 | D:2      | Found a burning altar of Makhleb.
  1318 | D:2      | Reached XP level 3. HP: 21/21 MP: 5/5
  1965 | D:2      | You fall into a shaft and drop 2 floors!
  1986 | D:3      | HP: 1/21 [poisoned by an adder]
  1987 | D:3      | Succumbed to an adder's poison

Illustrated notes

Levels and vault maps discovered:
D:1:      psy_arrival_heroes, layout_basic, serial_shops, shop
D:2:      layout_basic, basic_altar, serial_shops, nicolae_shop_crystal,
          minmay_pentomino_o4, uniq_sigmund
D:3:      layout_loops_ring, serial_shops, shop, minmay_divided_ellipse
D:4:      layout_loops_ring, pdpol_temple_overflow_zin_treasury_gozag_greed,
          chequers_temple_overflow_minitemple

Skill      XL: |  1  2 |
---------------+-------+-----
Stealth        | 2 |  2.0
Fighting       | 2 |  2.2
Dodging        | 3 |  3.3
Bows           | |  5.9

Action                   || total
-------------------------++-------
Melee: Short sword       ||     7
       Rapier            ||     3
 Fire: Shortbow          ||    92
Armor: Leather armour    ||     6
Dodge: Dodged            ||    26
